 Dungeon Crawl Stone Soup version 0.25.0-10-g039870ee82 (webtiles) character file.

Game seed: 3365799046916965174

79305 Fv001 the Unseen (level 15, -1/77 HPs)
             Began as a Spriggan Assassin on June 22, 2020.
             Was the Champion of Dithmenos.
             Slain by a vault guard
             ... wielding a +0 bardiche
              (33 damage)
             ... on level 14 of the Dungeon.
             The game lasted 02:09:02 (33541 turns).

Fv001 the Unseen (Spriggan Assassin)               Turns: 33541, Time: 02:09:03

Health: -1/77      AC: 15    Str:  7    XL:     15   Next: 20%
Magic:  23/23      EV: 31    Int: 14    God:    Dithmenos [******]
Gold:   425        SH:  0    Dex: 23    Spells: 5/14 levels left

rFire    . . .     SeeInvis +   b - +8 short sword (venom)
rCold    + . .     Gourm    .   (shield restricted)
rNeg     . . .     Faith    .   q - +2 robe
rPois    .         Spirit   .   R - +2 hat
rElec    .         Reflect  .   Z - +4 cloak "Onuiwka" {rC+ Stlth+}
rCorr    .         Harm     .   (gloves unavailable)
MR       ++...                  (boots unavailable)
Stlth    ++++++++++             (no amulet)
HPRegen  0.22/turn              U - ring of Shadows {Umbra +Inv Stlth+}
MPRegen  0.18/turn              C - +4 ring of protection

@: very slightly contaminated, wreathed by umbra, very quick
A: very small, unfitting armour, see invisible, herbivore, speed 3, slow
metabolism 2
a: Shadow Step, Shadow Form, Renounce Religion, Evoke Invisibility


You were on level 14 of the Dungeon.
You worshipped Dithmenos.
Dithmenos was exalted by your worship.
You were hungry.

You visited 4 branches of the dungeon, and saw 23 of its levels.
You also visited: Sewer, Bailey and Volcano.

You collected 2778 gold pieces.
You spent 2353 gold pieces at shops.

Inventory:

Hand Weapons
 a - a +5 dagger of freezing
 b - a +8 short sword of venom (weapon)
Missiles
 d - 3 poisoned darts (quivered)
 e - a curare-tipped dart
 J - 24 boomerangs
 T - 7 atropa-tipped darts
Armour
 q - a +2 robe (worn)
 R - a +2 hat (worn)
 Z - the +4 cloak "Onuiwka" (worn) {rC+ Stlth+}
   (You found it on level 12 of the Dungeon)

   It protects you from cold.
   It makes you more stealthy.
Jewellery
 C - a +4 ring of protection (right hand)
 L - a +6 ring of strength
 N - an uncursed ring of poison resistance
 U - the ring of Shadows (left hand) {Umbra +Inv Stlth+}
   (You found it on level 6 of the Lair of Beasts)

   [ring of stealth]

   It lets you turn invisible.
   It makes you more stealthy.
Wands
 n - a wand of acid (33)
 x - a wand of disintegration (5)
 y - a wand of paralysis (9)
 F - a wand of random effects (16)
 G - a wand of polymorph (20)
 I - a wand of clouds (1)
 O - a wand of digging (3)
 Y - a wand of flame (12)
Scrolls
 c - a scroll of enchant armour
 h - 4 scrolls of amnesia
 l - 6 scrolls of magic mapping
 m - 4 scrolls of fog
 t - 7 scrolls of teleportation
 u - 5 scrolls of fear
 z - a scroll of random uselessness {unknown}
 A - 5 scrolls of remove curse
 H - a scroll of summoning {unknown}
 M - 5 scrolls of blinking
 P - a scroll of acquirement {unknown}
 Q - a scroll of silence {unknown}
 V - a scroll of vulnerability {unknown}
Potions
 g - 2 potions of flight
 i - 3 potions of heal wounds
 j - 2 potions of resistance
 k - 2 potions of stabbing
 o - 5 potions of mutation
 p - 2 potions of magic {unknown}
 r - 4 potions of cancellation
 s - a potion of experience {unknown}
 v - 3 potions of brilliance {unknown}
 w - 4 potions of haste
 B - 4 potions of might
 E - 8 potions of curing
 K - 2 potions of invisibility
Miscellaneous
 D - a lightning rod (4/4)
 S - a phial of floods (inert)
 W - a box of beasts
Comestibles
 f - 34 rations


   Skills:
 + Level 7.9 Fighting
 + Level 10.2 Short Blades
 + Level 9.4 Throwing
 + Level 12.7 Dodging
 * Level 18.9 Stealth
 - Level 3.4 Unarmed Combat
 + Level 9.0 Hexes
 + Level 8.3 Poison Magic
 + Level 8.4 Invocations
 + Level 10.4 Evocations


You had 5 spell levels left.
You knew the following spells:

 Your Spells              Type           Power        Failure   Level  Hunger
a - Mephitic Cloud        Conj/Pois/Air  #.......     28%         3    ####...
b - Ensorcelled Hibernat  Hex/Ice        ##....       7%          2    ###....
c - Dispel Undead         Necr           #.......     96%         4    #####..

Your spell library contained the following spells:

 Spells                   Type           Power        Failure   Level  Hunger
 Corona                   Hex            ####...      1%          1    ##.....
 Slow                     Hex            ####....     1%          2    ###....
 Confusing Touch          Hex            ####....     2%          3    ####...
 Tukima's Dance           Hex            ####....     2%          3    ####...
 Sting                    Tmut/Pois      ##..         5%          1    ##.....
 Cause Fear               Hex            ####......   7%          4    #####..
 Poisonous Vapours        Pois/Air       ##....       8%          2    ###....
 Olgreb's Toxic Radiance  Pois           ###.....     10%         4    #####..
 Dazzling Flash           Conj/Hex       ##....       14%         3    ####...
 Inner Flame              Hex/Fire       ##......     14%         3    ####...
 Portal Projectile        Hex/Tloc       ##....       14%         3    ####...
 Spider Form              Tmut/Pois      ##........   16%         3    ####...
 Beastly Appendage        Tmut           #.....       28%         1    ##.....
 Magic Dart               Conj           #...         28%         1    ##.....
 Ignite Poison            Fire/Tmut/Pois #.......     28%         3    ####...
 Blink                    Tloc           N/A          41%         2    ###....
 Call Imp                 Summ           #.......     41%         2    ###....
 Corpse Rot               Necr/Air       N/A          41%         2    ###....
 Sticks to Snakes         Tmut           #.......     41%         2    ###....
 Sublimation of Blood     Necr           #.........   41%         2    ###....
 Leda's Liquefaction      Hex/Erth       ##........   41%         4    #####..
 Conjure Flame            Conj/Fire      #.......     65%         3    ####...
 Ice Form                 Ice/Tmut       #.......     96%         4    #####..
 Summon Lightning Spire   Summ/Air       #.......     96%         4    #####..
 Agony                    Necr           #.......     100%        5    ######.
 Blade Hands              Tmut           #.........   100%        5    ######.
 Excruciating Wounds      Chrm/Necr      #.........   100%        5    ######.
 Iskenderun's Battlesphe  Conj/Chrm      #.......     100%        5    ######.
 Freezing Cloud           Conj/Ice/Air   #.........   100%        6    #######


Dungeon Overview and Level Annotations

Branches:
Dungeon (14/15)            Temple (1/1) D:4            Lair (6/6) D:11
  Swamp (0/4) Lair:2       Spider (0/4) Lair:3        Slime (0/5) Lair:6
    Orc (2/2) D:12            Elf (0/3) Orc:2        Vaults (0/5) D:14
  Sewer (visited)          Bailey (visited)         Volcano (visited)

Altars:
Ashenzari
Cheibriados
Dithmenos
Elyvilon
Fedhas
Gozag
Hepliaklqana
Kikubaaqudgha
Makhleb
Nemelex Xobeh
Okawaru
Qazlal
Ru
Sif Muna
Trog
Uskayaw
Vehumet
Wu Jian
Xom
Yredelemnul
Zin
The Shining One
Beogh
Jiyva

Shops:
D:4 }   D:8 [   D:12 !   Orc:1 *   Orc:2 [}?

Annotations:
D:3 3 runed translucent doors, gwenloh's ghost, amateur KoWz
D:4 Blork the orc
D:9 exclusion: ice statue, Erica
D:13 3 runed translucent doors, exclusion: obsidian statue, Ceopluoc's ghost, novice FeBe
Lair:1 exclusions: basilisk and 2 bullfrogs
Lair:4 exclusions: 3 bullfrogs and spiny frog
Lair:5 exclusions: blink frog and 3 yaks


Innate Abilities, Weirdness & Mutations

You are very small and have problems with some larger weapons.
You are too small for most types of armour.
You have supernaturally acute eyesight. (SInv)
You are a herbivore.
You cover ground extremely quickly.
You need to consume almost no food.


Message History

The vault guard is heavily wounded.
Throwing (i - inventory. (/) - cycle)
d - 4 poisoned darts (quivered)
Press: ? - help, Shift-Dir - straight line, f/p - vault guard
Aim: a vault guard, wielding a +0 war axe, wearing a +0 plate armour and wearing a cursed +0 kite shield (moderately wounded, very poisoned, umbra)
You throw a poisoned dart.
The vault guard blocks the poisoned dart.
Evoke which item? (* to show all) (? for menu, Esc to quit)
You open the lid... ...and a mature oxshock beast leaps out!
Your mature oxshock beast hits the vault guard!!
Your mature oxshock beast tramples the vault guard but does no damage.
The vault guard blocks your attack.
The vault guard is severely wounded.
The vault guard hits your mature oxshock beast but does no damage.
The vault guard completely misses you.
You hit the vault guard.
The vault guard looks as sick as possible!
The vault guard is severely wounded.
The vault guard hits you from afar with a +0 bardiche!!
You die...

..#..........(....#.....#
####....(..#>#....##>.....
.........(.()........#....
#####.....##.##..(......)∩
#...(.).#<.#.#........)
#.......##...#.#.##....
##...........##.#..#....
##........H##..........#.
####..##...@pp.p.(.....#....
#.....###.?#.....#.###=..##.
#..........)...###...#...#..
#....)##....)#.# ###.#..#.=.
#..###(..###<..#####.#.#..#.
#..##...####..####.........#.
#.# #.####.....# #.........#.
... .. #.....# #.........#.
.. . #...............#.#.


You could see 3 vault guards and a friendly mature oxshock beast (summoned).

Vanquished Creatures
  Gastronok (D:9)
  2 entropy weavers
  A stone giant (Orc:1)
  A dire elephant (Lair:6)
  A vault guard (D:14)
  A centaur warrior (D:14)
  4 hydras
  3 two-headed ogres
  13 death yaks
  A queen ant (D:12)
  Urug (D:13)
  8 orc high priests (Orc:2)
  A fire crab (Lair:6)
  2 unseen horrors (D:14)
  A sea snake (Lair:5)
  A lindwurm (Lair:6)
  Pikel (D:9)
  A deep elf mage (D:14)
  9 ugly things
  An orc sorcerer (Orc:1)
  3 cyclopes
  2 manticores
  2 elephants
  Psyche (D:9)
  Joseph (D:7)
  4 centaur skeletons
  A black mamba (Lair:3)
  2 torpor snails
  2 gargoyles (D:12)
  18 spiny frogs
  A kobold demonologist (D:11)
  9 rime drakes
  8 komodo dragons
  A hellwing (D:13)
  4 jumping spiders (Lair:3)
  4 trolls
  A harpy zombie (D:14)
  3 meliai (D:13)
  A polar bear (shapeshifter) (D:13)
  8 hippogriffs
  2 blink frogs (Lair:6)
  A meliai zombie (D:13)
  3 redbacks (Lair:3)
  37 yaks
  4 wyverns
  3 fire bats (Lair:5)
  A basilisk (Lair:6)
  2 hungry ghosts
  4 vampire mosquitoes
  2 wargs (Orc:2)
  25 water moccasins
  27 soldier ants
  2 sky beasts
  7 porcupines
  4 black bears
  4 ice beasts
  16 orc warriors
  A necrophage (D:9)
  16 ogres
  4 phantoms
  16 wolves
  6 centaurs
  12 crocodiles
  17 bullfrogs
  2 scorpions
  9 killer bees
  8 wights
  A howler monkey (D:6)
  3 crimson imps
  A bullfrog zombie (D:12)
  4 centaur zombies
  6 hounds
  A gnoll shaman (Orc:2)
  3 bullfrog skeletons
  33 orc priests
  16 orc wizards
  29 worker ants
  4 iguanas
  A hound zombie (D:9)
  3 hound skeletons
  2 howler monkey zombies (D:5)
  A howler monkey skeleton (D:9)
  10 gnolls
  31 adders
  3 shadow imps
  An ooze (D:4)
  An adder zombie (D:8)
  3 adder skeletons
  4 worms
  4 dart slugs
  11 leopard geckos
  80 orcs
  3 ball pythons
  16 giant cockroaches
  8 goblins
  5 hobgoblins
  12 jackals
  3 kobolds (D:1)
  9 quokkas
  8 bats
  15 frilled lizards
  3 leopard gecko skeletons
  A leopard gecko zombie (D:7)
  2 quokka skeletons
  5 rats
  A fungus (Lair:6)
  A plant (Lair:5)
713 creatures vanquished.

Vanquished Creatures (collateral kills)
  A merfolk avatar (Lair:6)
  A spiny frog (Lair:6)
  A gargoyle (D:14)
  3 blink frogs (Lair:6)
  A hungry ghost (D:14)
  A wolf (Lair:6)
8 creatures vanquished.

Vanquished Creatures (others)
  A large abomination (D:13)
  2 slaves (D:9)
  An orc warrior (Orc:1)
  2 quasits (D:13)
  An orc priest (Orc:2)
  2 shadow imps (D:13)
  A white imp (D:13)
  An ufetubus (D:13)
  2 orcs
  A quokka (D:8)
  6 fungi
  11 plants (Lair:6)
31 creatures vanquished.

Grand Total: 752 creatures vanquished

Notes
Turn   | Place    | Note
-------+----------+-------------------------------------------
     0 | D:1      | Fv001 the Spriggan Assassin began the quest for the Orb.
     0 | D:1      | Reached XP level 1. HP: 10/10 MP: 2/2
   196 | D:1      | Reached XP level 2. HP: 15/15 MP: 3/3
   207 | D:1      | Reached skill level 6 in Stealth
   581 | D:1      | Reached XP level 3. HP: 18/18 MP: 4/4
  1253 | D:2      | Found an ornate altar of the Wu Jian Council.
  1632 | D:2      | Found a basalt altar of Yredelemnul.
  1831 | D:2      | Reached skill level 1 in Unarmed Combat
  1883 | D:2      | Noticed a bullfrog
  2060 | D:2      | Killed a bullfrog
  2060 | D:2      | Reached XP level 4. HP: 14/23 MP: 5/5
  2350 | D:3      | Reached skill level 7 in Stealth
  2350 | D:3      | Reached XP level 5. HP: 17/26 MP: 6/6
  2697 | D:3      | Noticed an ogre
  3463 | D:3      | Found an opulent altar of Gozag.
  3464 | D:3      | Found a runed translucent gate.
  3464 | D:3      | Found a runed translucent gate.
  3464 | D:3      | Found a runed translucent gate.
  3465 | D:3      | Noticed gwenloh's ghost (amateur KoWz)
  3757 | D:3      | Killed an ogre
  3757 | D:3      | Reached XP level 6. HP: 32/32 MP: 7/7
  3864 | D:4      | Found Beilaw's Gadget Emporium.
  4270 | D:4      | Found a staircase to the Ecumenical Temple.
  4279 | Temple   | Entered the Ecumenical Temple
  4386 | D:4      | Found a hide-covered altar of Uskayaw.
  4454 | D:4      | Reached skill level 8 in Stealth
  4601 | D:4      | Reached XP level 7. HP: 35/35 MP: 8/8
  4833 | D:4      | Noticed Blork the orc
  4871 | D:4      | Found a shadowy altar of Dithmenos.
  4874 | D:4      | Became a worshipper of Dithmenos the Shadowed
  5643 | D:5      | Entered Level 5 of the Dungeon
  5647 | D:5      | Reached skill level 9 in Stealth
  5656 | D:5      | Got a brightly glowing buckler
  5673 | D:5      | Learned a level 3 spell: Mephitic Cloud
  5730 | D:5      | Found a glowing drain.
  5773 | D:5      | Reached skill level 5 in Dodging
  5878 | Sewer    | Entered a sewer
  5946 | Sewer    | Reached * piety under Dithmenos
  6064 | Sewer    | Found the +11 plutonium sword {*Contam Stlth-}
  6328 | D:5      | Found a hazy altar of Hepliaklqana.
  6337 | D:5      | Reached XP level 8. HP: 40/40 MP: 9/9
  6656 | D:5      | Found an ancient bone altar of Kikubaaqudgha.
  7078 | D:6      | Reached skill level 10 in Stealth
  7078 | D:6      | Reached skill level 1 in Invocations
  7103 | D:6      | Reached skill level 1 in Poison Magic
  7191 | D:6      | Found a blossoming altar of Fedhas.
  7196 | D:6      | Reached ** piety under Dithmenos
  7206 | D:6      | Found a stormy altar of Qazlal.
  7436 | D:6      | Reached skill level 5 in Short Blades
  7813 | D:6      | Reached XP level 9. HP: 45/45 MP: 11/11
  7910 | D:6      | Reached skill level 11 in Stealth
  8030 | D:6      | Found a bloodstained altar of Trog.
  8093 | D:7      | Reached skill level 1 in Evocations
  8115 | D:7      | Identified the cursed +0 buckler of Mutualism {+Blink
                  | Slay+5} (You found it on level 5 of the Dungeon)
  8178 | D:7      | Reached skill level 5 in Throwing
  8364 | D:7      | Noticed Joseph
  8367 | D:7      | Killed Joseph
  9916 | D:8      | Reached *** piety under Dithmenos
  9916 | D:8      | Reached skill level 12 in Stealth
  9918 | D:8      | Found Falyl's Armour Shoppe.
 10238 | D:8      | Found a shimmering blue altar of Sif Muna.
 10319 | D:8      | Reached XP level 10. HP: 46/51 MP: 13/13
 10355 | D:8      | Found a white marble altar of Elyvilon.
 10506 | D:8      | Learned a level 2 spell: Ensorcelled Hibernation
 11036 | D:9      | Found a shattered altar of Ashenzari.
 11049 | D:9      | Found a glowing silver altar of Zin.
 11222 | D:9      | Noticed Erica
 11305 | D:9      | Reached skill level 1 in Hexes
 11376 | D:9      | Noticed an ice statue
 11410 | D:9      | Noticed Pikel
 11414 | D:9      | Killed Pikel
 11613 | D:9      | Noticed Gastronok
 12129 | D:9      | Reached **** piety under Dithmenos
 12147 | D:9      | Noticed Psyche
 12149 | D:9      | Killed Psyche
 12509 | D:9      | Killed Gastronok
 12509 | D:9      | Reached skill level 5 in Fighting
 12509 | D:9      | Reached skill level 13 in Stealth
 12808 | D:10     | Entered Level 10 of the Dungeon
 13131 | D:10     | You fall into a shaft and drop 1 floor!
 13177 | D:11     | Reached skill level 5 in Evocations
 13177 | D:11     | Reached XP level 11. HP: 38/54 MP: 15/15
 15105 | D:11     | Reached skill level 14 in Stealth
 15213 | D:11     | Reached skill level 5 in Invocations
 15418 | D:11     | Reached ***** piety under Dithmenos
 15588 | D:11     | Found a staircase to the Lair.
 15597 | Lair:1   | Entered Level 1 of the Lair of Beasts
 15620 | D:11     | Reached skill level 5 in Poison Magic
 15805 | Lair:1   | Identified the Disquisition on Lucky Lightness
 16560 | Lair:2   | Found a staircase to the Swamp.
 16928 | Lair:2   | Found a stormy altar of Qazlal.
 17273 | Lair:3   | Found a hide-covered altar of Uskayaw.
 17275 | Lair:3   | Reached XP level 12. HP: 59/59 MP: 17/17
 17520 | Lair:3   | Reached skill level 5 in Hexes
 17689 | Lair:3   | Got a distressingly furry hat
 17700 | Lair:3   | Identified the +2 hat of Forry {rPois Str-4 Int+9 SInv}
                  | (You found it on level 3 of the Lair of Beasts)
 17836 | Lair:3   | Reached skill level 15 in Stealth
 18385 | Lair:3   | Reached skill level 10 in Dodging
 18863 | Lair:4   | Noticed a death yak
 19575 | Lair:4   | Noticed a death yak
 19575 | Lair:4   | Noticed a death yak
 19575 | Lair:4   | Noticed a death yak
 19575 | Lair:4   | Noticed a death yak
 19600 | Lair:4   | Killed a death yak
 19600 | Lair:4   | Killed a death yak
 19614 | Lair:4   | Killed a death yak
 19620 | Lair:4   | Killed a death yak
 19633 | Lair:4   | Killed a death yak
 19633 | Lair:4   | Reached skill level 16 in Stealth
 20149 | Lair:4   | Noticed a seven-headed hydra
 20217 | Lair:4   | Killed a seven-headed hydra
 20539 | Lair:5   | Noticed a four-headed hydra
 20548 | Lair:5   | Killed a four-headed hydra
 20548 | Lair:5   | Reached XP level 13. HP: 53/64 MP: 19/19
 20667 | Lair:5   | Found a dark tunnel.
 20703 | Volcano  | Entered a volcano
 21084 | Lair:5   | Learned a level 4 spell: Dispel Undead
 21737 | Lair:6   | Entered Level 6 of the Lair of Beasts
 23392 | Lair:6   | HP: 3/66 [rime drake/flash freeze (21)]
 24083 | Lair:6   | Noticed a dire elephant
 24589 | Lair:6   | Found the +8 lance "Wyrmbane" {slay drac, rPois rF+ rC+
                  | AC+3}
 24595 | Lair:6   | Found the ring of Shadows {Umbra +Inv Stlth+}
 24927 | Lair:6   | Reached skill level 17 in Stealth
 24935 | Lair:6   | Killed a dire elephant
 25403 | Lair:6   | Reached XP level 14. HP: 65/72 MP: 19/21
 25543 | Lair:6   | Found a viscous altar of Jiyva.
 25543 | Lair:6   | Found a staircase to the Slime Pits.
 25579 | Lair:6   | Reached ****** piety under Dithmenos
 26137 | Lair:3   | Found a hole to the Spider Nest.
 26472 | D:12     | Noticed an entropy weaver
 26485 | D:12     | Noticed an entropy weaver
 26489 | D:12     | Killed an entropy weaver
 26682 | D:11     | Killed an entropy weaver
 27321 | D:12     | Found a staircase to the Orcish Mines.
 27432 | D:12     | Reached skill level 18 in Stealth
 27487 | D:12     | Got a steaming cloak
 27534 | D:12     | Identified the +4 cloak "Onuiwka" {rC+ Stlth+} (You found
                  | it on level 12 of the Dungeon)
 27965 | D:12     | Found Saofior's Distillery.
 27975 | D:12     | Bought a potion of curing for 39 gold pieces
 27975 | D:12     | Bought a potion of curing for 39 gold pieces
 27975 | D:12     | Bought 2 potions of berserk rage for 130 gold pieces
 27975 | D:12     | Bought 2 potions of invisibility for 208 gold pieces
 27976 | D:12     | Bought a potion of lignification for 39 gold pieces
 27976 | D:12     | Bought a potion of haste for 130 gold pieces
 28167 | Orc:1    | Entered Level 1 of the Orcish Mines
 28178 | Orc:1    | Noticed a stone giant
 28200 | Orc:1    | Killed a stone giant
 28320 | Orc:2    | Entered Level 2 of the Orcish Mines
 28449 | Orc:2    | Found a roughly hewn altar of Beogh.
 28468 | Orc:1    | Found Weoph's General Store.
 28541 | Orc:1    | Bought a scroll of blinking for 135 gold pieces
 28541 | Orc:1    | Bought a scroll of identify for 36 gold pieces
 28923 | Orc:2    | Found a roughly hewn altar of Beogh.
 28930 | Orc:2    | Reached skill level 10 in Evocations
 28934 | Orc:2    | Found Ginliklasso's Magic Scroll Shoppe.
 28934 | Orc:2    | Found Jubrenir's Food Boutique.
 29077 | Orc:2    | Bought a scroll of fear for 52 gold pieces
 29077 | Orc:2    | Bought 2 scrolls of identify for 60 gold pieces
 29077 | Orc:2    | Bought a scroll of noise for 15 gold pieces
 29097 | Orc:2    | Bought a ration for 50 gold pieces
 29097 | Orc:2    | Bought a ration for 50 gold pieces
 29097 | Orc:2    | Bought a ration for 50 gold pieces
 29097 | Orc:2    | Bought a ration for 50 gold pieces
 29097 | Orc:2    | Bought a ration for 50 gold pieces
 29097 | Orc:2    | Bought a ration for 50 gold pieces
 29097 | Orc:2    | Bought a ration for 50 gold pieces
 29097 | Orc:2    | Bought a ration for 50 gold pieces
 29097 | Orc:2    | Bought a ration for 50 gold pieces
 29148 | Orc:2    | Found a staircase to the Elven Halls.
 29860 | Orc:2    | Found Pisoet's Gadget Boutique.
 30285 | Orc:2    | Found Olas's Armour Shoppe.
 30881 | Orc:2    | Bought a lightning rod (4/4) for 600 gold pieces
 30881 | Orc:2    | Bought a wand of acid (10) for 420 gold pieces
 31012 | D:13     | Found a runed translucent gate.
 31012 | D:13     | Found an opulent altar of Gozag.
 31012 | D:13     | Found a runed translucent gate.
 31013 | D:13     | Found a runed translucent gate.
 31013 | D:13     | Noticed Ceopluoc's ghost (novice FeBe)
 31435 | D:13     | Noticed Urug
 31437 | D:13     | Killed Urug
 31958 | D:14     | Reached skill level 10 in Short Blades
 31973 | D:14     | Reached XP level 15. HP: 36/77 MP: 23/23
 32214 | D:14     | Found a flagged portal.
 32245 | Bailey   | Entered a bailey
 32610 | D:14     | Found a gate to the Vaults.
 33541 | D:14     | Slain by a vault guard

Illustrated notes

Levels and vault maps discovered:
D:1:      dpeg_arrival_connections, layout_rooms, minmay_lizard_pond
D:2:      layout_basic, overflow_temple_1_default,
          nicolae_overflow_crystal_walls, minmay_tetromino_s2
D:3:      layout_loops_cross, ebering_ghost_gozag, minmay_close_crescents
D:4:      minmay_diamond_boxcup, layout_loops_ring, kennysheep_mini,
          eat_drink_and_be_merry_uskayaw, lemuel_temple_firewalk_b,
          first_ration, serial_shops, shop, minmay_fractal_squares_5,
          uniq_blork_the_orc
D:5:      layout_basic, overflow_temple_1_default, lemuel_round_altar,
          gup_sewer_entry_glass
D:6:      layout_loops_ring, grunt_temple_overflow_forces_of_nature,
          lemuel_round_altar
D:7:      layout_basic, grunt_ogre_cave, uniq_joseph
D:8:      kennysheep_blocky_hall, layout_basic, elyvilon_altar_4,
          lemuel_doored_altar, serial_shops, shop, minivault_1
D:9:      layout_stronghold, overflow_temple_1_default,
          ashenzari_conservatory_becter, minmay_statue_bubble, uniq_erica,
          uniq_pikel, uniq_psyche, uniq_gastronok
D:10:     layout_basic, kennysheep_generic_room_5
D:11:     layout_roguey, lair_entry_dummy
D:12:     layout_stronghold, orc_0_dummy, serial_shops,
          nicolae_shop_statue_plus, minivault_29
D:13:     layout_irregular_city, ebering_ghost_gozag, hangedman_devilish_allure,
          uniq_urug
D:14:     layout_rooms, lightli_vaults_fourway_checkpoint, enter_bailey_2,
          nicolae_trove_entry_diagonal, minmay_door_square, basic_altar
Temple:   jpeg_temple_island
Lair:1:   layout_cave_pods
Lair:2:   layout_hall_layers, swamp_mist, basic_altar, serial_bayou_ford_a,
          grunt_megastairs_2
Lair:3:   lemuel_reptile_caves, layout_regular_city,
          nicolae_spider_entry_tight_spaces, basic_altar, serial_bayou_pond_e
Lair:4:   layout_cave_pods, pond, lemuel_fruit_tree
Lair:5:   layout_layer_cave, nicolae_volcano_entry_batcave, minivault_27,
          grunt_megastairs_5
Lair:6:   gammafunk_lair_ancient_temple, layout_regular_city, slime_altar_1
Orc:1:    layout_caves, serial_shops, shop_statue
Orc:2:    st_orc_town, layout_caves, basic_altar, nicolae_orc_sculptors_studio

Skill      XL: |  1  2  3  4  5  6  7  8  9 10 11 12 13 14 15 |
---------------+----------------------------------------------+-----
Stealth        | 6 7 8 9 10 12 13 14 16 17 18 | 18.9
Dodging        | 2 3 4 5 6 7 8 9 10 11 12 | 12.7
Unarmed Combat | 1 2 3 |  3.4
Fighting       | 2 3 4 5 6 7 |  7.9
Short Blades   | 3 4 5 6 7 8 9 10 | 10.2
Throwing       | 3 4 5 6 7 8 9 |  9.4
Invocations    | 2 3 4 5 6 7 8 |  8.4
Poison Magic   | 2 3 4 5 6 7 8 |  8.3
Evocations     | 3 5 6 7 9 10 | 10.4
Hexes          | 3 4 6 7 8 9 |  9.0

Action                   |  1- 3 |  4- 6 |  7- 9 | 10-12 | 13-15 || total
-------------------------+-------+-------+-------+-------+-------++-------
Melee: Dagger            |   125 |   105 |    69 |   137 |   299 ||   735
       Punch             |     1 |     1 |     2 |    17 |    27 ||    48
       Short sword       |       |    31 |   230 |   441 |   924 ||  1626
Throw: Dart              |    62 |    38 |    45 |   107 |   131 ||   383
       Boomerang         |       |       |    12 |    15 |     6 ||    33
 Cast: Ensorcelled Hiber |       |       |       |     1 |     2 ||     3
       Mephitic Cloud    |       |       |       |       |     4 ||     4
Invok: Shadow Step       |       |       |       |     2 |     4 ||     6
       Shadow Form       |       |       |       |       |     1 ||     1
 Abil: Evoke Invisibilit |       |       |       |       |    13 ||    13
Evoke: Wand              |       |       |       |    12 |     1 ||    13
       Box of beasts     |       |       |       |       |     4 ||     4
       Phial of floods   |       |       |       |       |     1 ||     1
  Use: Scroll            |     3 |     4 |     3 |    12 |    12 ||    34
       Potion            |       |       |       |       |     2 ||     2
 Stab: Sleeping          |     5 |    22 |    58 |    73 |    62 ||   220
       Distracted        |       |       |     2 |     7 |    10 ||    19
       Invisible         |       |       |       |       |    91 ||    91
       Confused          |       |       |       |       |     2 ||     2
  Eat: Ration            |       |       |     3 |     4 |    11 ||    18
Armor: Robe              |     8 |    11 |    18 |    33 |    83 ||   153
Dodge: Dodged            |    87 |   115 |   227 |   484 |  1227 ||  2140
